 Dungeon Crawl Stone Soup version 0.27.0-1-g7a089689b8 (webtiles) character file.

Game seed: 17556923819063591595

11 SnakkuSnakku7 the Grave Robber (level 2, 0/15 HPs)
             Began as a Gargoyle Necromancer on Aug 5, 2021.
             Slain by a giant cockroach (1 damage)
             ... on level 1 of the Dungeon.
             The game lasted 00:01:20 (471 turns).

SnakkuSnakku7 the Grave Robber (GrNe)                Turns: 471, Time: 00:01:21

Health: 0/15       AC:  4    Str: 11    XL:     2   Next: 29%
Magic:  0/5        EV: 11    Int: 15    God:
Gold:   29         SH:  0    Dex: 10    Spells: 4/5 levels left

rFire    . . .     SeeInvis .   c - +0 club
rCold    . . .     Faith    .   (no shield)
rNeg     + . .     Spirit   .   a - +0 robe
rPois    ∞         Reflect  .   (no helmet)
rElec    +         Harm     .   (no cloak)
rCorr    .         Rampage  .   (no gloves)
Will     .....                  (no boots)
Stlth    ++........             (no amulet)
HPRegen  0.05/turn              (no ring)
MPRegen  0.09/turn              (no ring)

@: no status effects
A: sickness immunity, AC +2, negative energy resistance 1, electricity
resistance, torment resistance 1, petrification resistance
a: no special abilities


You were on level 1 of the Dungeon.
You visited 1 branch of the dungeon, and saw 1 of its levels.

You collected 29 gold pieces.

Inventory:

Hand Weapons
 c - a +0 club (weapon)
Armour
 a - a +0 robe (worn)
Scrolls
 b - a scroll of summoning {unknown}


   Skills:
 - Level 1.5 Dodging
 - Level 2.1 Stealth
 - Level 2.0 Spellcasting
 + Level 3.7 Necromancy


You had 4 spell levels left.
You knew the following spells:

 Your Spells              Type           Power      Damage    Failure   Level
a - Pain                  Necr           48%        1d6       4%          1

Your spell library contained the following spells:

 Spells                   Type           Power      Damage    Failure   Level
 Animate Skeleton         Necr           24%        N/A       4%          1
 Vampiric Draining        Necr           6%         2d6       14%         3
 Sandblast                Erth           2%         2d4       22%         1
 Passwall                 Tmut/Erth      0%         N/A       32%         2
 Animate Dead             Necr           6%         N/A       43%         4
 Agony                    Necr           12%        N/A       78%         5
 Lee's Rapid Deconstruct  Erth           0%         3d5*      99%         5


Dungeon Overview and Level Annotations

Branches:
Dungeon (1/15)

Altars:


Innate Abilities, Weirdness & Mutations

You are immune to sickness and miasma.
Your stone body is resilient. (AC +2)
You are immune to poison.
You resist negative energy. (rN+)
You are resistant to electric shocks. (rElec)
You are resistant to unholy torment.
You are immune to petrification.


Message History

Casting: Pain (safe; 4% risk of failure)
Confirm with . or Enter, or press ? or * to list all spells.
Aiming: Pain (safe; 4% risk of failure)
Press: ? - help, Shift-Dir - straight line, f - endoplasm
Aim: an endoplasm (asleep, chance to affect: 82%)
The endoplasm quivers.
The endoplasm writhes in agony.
Casting: Pain (safe; 4% risk of failure)
Confirm with . or Enter, or press ? or * to list all spells.
Aiming: Pain (safe; 4% risk of failure)
Press: ? - help, Shift-Dir - straight line, f/p - endoplasm
Aim: an endoplasm (heavily wounded, chance to affect: 82%)
The endoplasm writhes in agony.
You kill the endoplasm!
Casting: Pain (safe; 4% risk of failure)
Confirm with . or Enter, or press ? or * to list all spells.
You can't see any susceptible monsters within range! (Use Z to cast anyway.) Unknown command.
Search for what [? for help]? stone Can't find anything matching that.
A giant cockroach comes into view.
Found a murky puce potion and a scroll labelled TOASTR CIGOQE.
A giant cockroach is nearby!
Casting: Pain (safe; 4% risk of failure)
Confirm with . or Enter, or press ? or * to list all spells.
Aiming: Pain (safe; 4% risk of failure)
Press: ? - help, Shift-Dir - straight line, f - giant cockroach
Aim: a giant cockroach (chance to affect: 82%)
The giant cockroach writhes in agony.
Casting: Pain (safe; 4% risk of failure)
Confirm with . or Enter, or press ? or * to list all spells.
Aiming: Pain (safe; 4% risk of failure)
Press: ? - help, Shift-Dir - straight line, f/p - giant cockroach
Aim: a giant cockroach (heavily wounded, chance to affect: 82%)
The giant cockroach writhes in agony.
The giant cockroach bites you but does no damage.
You completely miss the giant cockroach.
The giant cockroach is severely wounded.
The giant cockroach bites you.
You die...

## #. # ### #. ..
..##################.
........................
.?.. #..............##.#
.!...#..............##.#
....................##.#
##.B@..######....##.#
#.....# #....##..
.........# #....##..
..........# #....##..
.####.....# #....##..
...###.. ####.[..##..
#### ##..............
..............
..............


You could see a giant cockroach.

Vanquished Creatures
  An endoplasm (D:1)
  A giant cockroach (D:1)
  A goblin (D:1)
  2 quokkas (D:1)
  2 ball pythons (D:1)
  3 frilled lizards (D:1)
  A rat (D:1)
11 creatures vanquished.

Notes
Turn   | Place    | Note
-------+----------+-------------------------------------------
     0 | D:1      | SnakkuSnakku7 the Gargoyle Necromancer began the quest for
                  | the Orb.
     0 | D:1      | Reached XP level 1. HP: 10/10 MP: 3/3
   324 | D:1      | Reached XP level 2. HP: 7/15 MP: 1/5
   471 | D:1      | Slain by a giant cockroach

Illustrated notes

Levels and vault maps discovered:
D:1:      noname_arrival_rooms_in_the_neighbourhood, layout_basic

Action                   || total
-------------------------++-------
Melee: Club              ||     9
 Cast: Pain              ||    23
Armor: Robe              ||     7
Dodge: Dodged            ||    12
